 Dungeon Crawl Stone Soup version 0.31-a0-325-g067879e3d3 (webtiles) character file.

Game seed: 5167300232762226504

45 IdlyInterested the Ducker (level 3, -1/28 HPs)
             Began as a Demonspawn Gladiator on July 18, 2023.
             Killed from afar by Sigmund (6 damage)
             ... with a magic dart
             ... on level 2 of the Dungeon.
             The game lasted 00:03:56 (1072 turns).

IdlyInterested the Ducker (Demonspawn Gladiator)    Turns: 1072, Time: 00:03:57

Health: -1/28      AC:  6    Str: 16    XL:     3   Next: 42%
Magic:  3/3        EV: 15    Int:  9    God:
Gold:   108        SH:  9    Dex: 14    Spells: 2/2 levels left

rFire   . . .        n - +0 short sword
rCold   . . .        h - +2 kite shield
rNeg    . . .        b - +0 leather armour
rPois   .            c - +0 helmet
rElec   .            (no cloak)
rCorr   .            (no gloves)
SInv    .            (no boots)
Will    .....        (no amulet)
Stlth   +            g - +5 ring of evasion
HPRegen 0.24/turn    (no ring)
MPRegen 0.08/turn

%: no passive effects
@: no status effects
A: yellow scales 1, demonic magic 1
a: no special abilities


You were on level 2 of the Dungeon.
You visited 1 branch of the dungeon, and saw 2 of its levels.

You collected 108 gold pieces.

Inventory:

Hand Weapons
 m - a +0 dagger
 n - a +0 short sword (weapon)
Missiles
 e - a javelin
 j - 5 stones
 k - 2 poisoned darts
Armour
 b - a +0 leather armour (worn)
 c - a +0 helmet (worn)
 h - a +2 kite shield (worn)
Jewellery
 g - a +5 ring of evasion (left hand)
Scrolls
 a - a scroll of identify {unknown}
 f - 2 scrolls of revelation {unknown}
 i - a scroll of fear {unknown}
 l - a scroll of blinking {unknown}


   Skills:
 * Level 2.9 Fighting
 * Level 0.3 Short Blades
 - Level 2.9 Maces & Flails
 - Level 2.0 Throwing
 * Level 0.6 Armour
 - Level 3.0 Dodging


You had 2 spell levels left.
You didn't know any spells.
Your spell library contained the following spells:

 Spells                   Type           Power      Damage    Failure   Level
 Dazzling Flash           Conj/Hex       0%         N/A       99%         3
 Portal Projectile        Hex/Tloc       0%         N/A       99%         3
 Tukima's Dance           Hex            0%         N/A       99%         3
 Iskenderun's Mystic Bla  Conj/Tloc      0%         2d3       100%        4
 Passage of Golubria      Tloc           0%         N/A       100%        4
 Agony                    Necr           0%         N/A       100%        5
 Silence                  Hex/Air        0%         N/A       100%        5
 Yara's Violent Unravell  Hex/Tmut       0%         3d3       100%        5


Dungeon Overview and Level Annotations

Branches:
Dungeon (2/15)

Altars:

Annotations:
D:2 Sigmund


Innate Abilities, Weirdness & Mutations

You are partially covered in yellow scales. (AC +2)
Spells you cast may paralyse adjacent enemies.


Message History

You barely miss something. You miss something. Something hits you.
* * * LOW HITPOINT WARNING * * *
You miss something. Something barely misses you.
You hit something. You block something's attack.
You miss something. You hit something. Something hits you but does no damage.
You closely miss something.
Sigmund appears from thin air!
Reactivating autopickup.
Sigmund hits you with a +0 scythe.
* * * LOW HITPOINT WARNING * * *
Unknown command.
You hit Sigmund.
Sigmund is almost dead.
You block Sigmund's attack.
You hit Sigmund but do no damage.
Sigmund is almost dead.
Sigmund barely misses you.
You barely miss Sigmund.
Sigmund is almost dead.
You barely miss Sigmund.
Sigmund is almost dead.
You block Sigmund's attack.
You hit Sigmund but do no damage.
Sigmund is almost dead.
You block Sigmund's attack.
You hit Sigmund but do no damage.
Sigmund is almost dead.
Sigmund casts a spell.
Sigmund flickers and vanishes!
Deactivating autopickup; reactivate with Ctrl-A.
You hit something but do no damage. You block something's attack.
You barely miss something. Something hits you but does no damage.
You hit something but do no damage.
Okay, then.
You miss something.
You hear some strange, mumbled words.
A magic dart appears from out of thin air!
The magic dart hits you.
You die...

# #.# . ..
##############.# .
...#............... ..
................#.# ..
................#.#... .
...w............#.#...
..........#.....).......
.....######.#######.##.#
(.....{@.)..........#
....#######.######### .
...............
......#.####### #
#####.#.#######.#
..............#.#..
..................
#..####.........# #.
.##....†....#


There were no monsters in sight!

Vanquished Creatures
  2 dart slugs
  2 ball pythons
  4 endoplasms
  2 giant cockroaches (D:2)
  10 goblins
  5 hobgoblins
  3 kobolds
  2 quokkas (D:1)
  A bat (D:1)
  A frilled lizard (D:2)
  2 rats (D:1)
34 creatures vanquished.

Vanquished Creatures (others)
  A bat (D:2)
1 creature vanquished.

Grand Total: 35 creatures vanquished

Notes
Turn   | Place    | Note
-------+----------+-------------------------------------------
     0 | D:1      | IdlyInterested the Demonspawn Gladiator began the quest for
                  | the Orb.
     0 | D:1      | Reached XP level 1. HP: 16/16 MP: 1/1
   136 | D:1      | Gained mutation: You are partially covered in yellow
                  | scales. (AC +2) [demonic ancestry]
   136 | D:1      | Reached XP level 2. HP: 23/23 MP: 2/2
   364 | D:1      | Found a faded altar of an unknown god.
   441 | D:1      | Reached skill level 3 in Dodging
   532 | D:1      | Gained mutation: Spells you cast may paralyse adjacent
                  | enemies. [demonic ancestry]
   532 | D:1      | Reached XP level 3. HP: 25/28 MP: 3/3
  1021 | D:2      | Noticed Sigmund
  1057 | D:2      | HP: 1/28 [something (4)]
  1072 | D:2      | Killed from afar by Sigmund

Illustrated notes

Levels and vault maps discovered:
D:1:      ebering_trefoil_3fold, layout_basic, shapermc_ecumenical_altar_venn,
          chequers_serial_rivers_room_b
D:2:      layout_basic, uniq_robin, uniq_sigmund, uniq_jessica

Skill      XL: |  1  2 |
---------------+-------+-----
Throwing       | 2 |  2.0
Dodging        | 3 |  3.0
Fighting       | |  2.9
Short Blades   | |  0.3
Maces & Flails | |  2.9
Armour         | |  0.6

Action                     || total
---------------------------++-------
  Melee: Flail             ||    65
         Punch             ||     2
         Short sword       ||    73
         Dagger            ||     2
  Throw: Throwing net      ||     3
 Armour: Leather armour    ||    27
  Dodge: Dodged            ||    84
  Block: Kite shield       ||    40

Table legend: (Time is in decaauts)
 A = Elapsed time spent in this place.
 B = Non-inter-level travel time spent in this place.
 C = Inter-level travel time spent in this place.
 D = Time resting spent in this place.
 E = Time spent auto-exploring this place.
 F = Levels seen in this place.
 G = Mean time per level.
                   A        B        C        D        E       F      G
               +--------+--------+--------+--------+--------+-----+--------+
         Total |   1113 |    996 |    117 |    194 |    446 |   2 |  556.5 |
       Dungeon |   1113 |    996 |    117 |    194 |    446 |   2 |  556.5 |
               +--------+--------+--------+--------+--------+-----+--------+

Top non-repeatable levels by time:
     D:1: 869 daAuts
     D:2: 243 daAuts
